 Dungeon Crawl Stone Soup version bcrawl-1.19.2-6-g6a88ae04c9 (webtiles) character file.

Game seed: 10883636397930693170

10607 Mrkan the Grappler (level 11, 0/115 HPs)
             Began as a Troll Fighter on Dec 30, 2019.
             Was a High Priest of Ru.
             Slain by a large slime creature (14 damage)
             ... on level 11 of the Dungeon.
             The game lasted 00:15:16 (7231 turns).

Mrkan the Grappler (Troll Fighter)                  Turns: 7231, Time: 00:15:16

Health: 0/115      AC: 13    Str: 26    XL:     11   Next: 38%
Magic:  10/10      EV:  9    Int: 11    God:    Ru [*****.]
Gold:   766        SH: 11    Dex:  9    Spells: 10/10 levels left

rFire    . . .     SeeInvis .     - Unarmed
rCold    . . .     Gourm    +   a - +1 shield
rNeg     . . .     Faith    .   (armour unavailable)
rPois    .         Spirit   .   (helmet restricted)
rElec    .         Reflect  .   m - +2 cloak {MR+}
rCorr    .         Harm     .   (gloves unavailable)
MR       .....                  (boots unavailable)
Stlth    ..........             (no amulet)
HPRegen  0.69/turn              p - +3 ring of intelligence
MPRegen  0.12/turn              z - +1 ring of protection

@: no status effects
A: large, almost no armour, unfitting armour, claws 3, fast metabolism 3,
gourmand, regeneration 1, no stealth, hated by all, magic vulnerability 1,
inexperienced 1, AC +9
a: Draw Out Power, Power Leap, Apocalypse, Renounce Religion


You were on level 11 of the Dungeon.
You worshipped Ru.
Ru was extremely pleased with you.
You were full.

You visited 1 branch of the dungeon, and saw 11 of its levels.
You also visited: Sewer.

You collected 766 gold pieces.

Inventory:

Hand Weapons
 B - the +5 falchion of Gallantry {holy, rElec, unknown}
   (You found it on level 8 of the Dungeon)

   It has been blessed by the Shining One to cause great damage to the undead
   and demons.
   It insulates you from electricity.
Missiles
 A - 59 large rocks (quivered)
Armour
 a - a +1 shield (worn)
 m - a +2 cloak of magic resistance (worn)
 q - a +0 hat
Jewellery
 p - a +3 ring of intelligence (left claw)
 y - an uncursed ring of wizardry {unknown}
 z - a +1 ring of protection (right claw)
 D - an uncursed ring of see invisible {unknown}
Wands
 l - a wand of flame (35)
 r - a wand of acid (5)
 G - a wand of clouds (5)
 J - a wand of random effects (6)
Scrolls
 e - 11 scrolls of remove curse
 f - a scroll of enchant weapon
 n - 7 scrolls of fear
 o - 7 scrolls of teleportation
 t - 4 scrolls of amnesia
 v - a scroll of blinking
 x - 4 scrolls of enchant armour
 C - a scroll of fog {unknown}
 F - a scroll of brand weapon {unknown}
 H - a scroll of identify
Potions
 b - a potion of might
 d - 5 potions of brilliance
 g - 2 potions of ambrosia {unknown}
 h - 4 potions of curing
 i - 2 potions of flight
 j - 4 potions of cancellation
 k - 2 potions of lignification
 s - 2 potions of degeneration
 u - a potion of resistance
 w - a potion of haste
 I - a potion of berserk rage {unknown}
Comestibles
 c - 22 rations {!d}


   Skills:
 + Level 9.0 Fighting
 * Level 5.7 Throwing
 - Level 2.4 Dodging
 - Level 7.0 Shields
 + Level 10.1 Unarmed Combat


You had 10 spell levels left.
You didn't know any spells.
Your spell library contained the following spells:

 Spells                   Type           Power        Failure   Level  Hunger
 Shock                    Conj/Air       #....        47%         1    ##.....
 Swiftness                Chrm/Air       #.......     63%         2    ###....
 Static Discharge         Air            #.......     85%         3    ####...
 Airstrike                Air            #.........   99%         4    #####..
 Lightning Bolt           Conj/Air       #.........   100%        5    ######.
 Summon Small Mammal      Summ           Unusable     N/A         1    N/A
 Call Imp                 Summ           Unusable     N/A         2    N/A
 Call Canine Familiar     Summ           Unusable     N/A         3    N/A
 Summon Ice Beast         Ice/Summ       Unusable     N/A         4    N/A
 Summon Lightning Spire   Summ/Air       Unusable     N/A         5    N/A

Dungeon Overview and Level Annotations

Branches:
Dungeon (11/12)            Temple (0/1) D:4            Lair (0/6) D:7
    Orc (0/1) D:10
 Vaults: D:11-12

Altars:
Dithmenos
Elyvilon
Fedhas
Hepliaklqana
Kikubaaqudgha
Lugonu
Makhleb
Qazlal
Ru
Trog
Vehumet
Wu Jian
Xom
Yredelemnul
The Shining One

Shops:
D:4 }   D:9 :   D:11 =(


Innate Abilities, Weirdness & Mutations

You cannot wear most types of armour.
Your thick skin is tough. (AC +9)
You are too large for most types of armour.
You have claws for hands.
Your metabolism is lightning-fast.
You like to eat raw meat.
Your natural rate of healing is unusually fast.
You cannot be stealthy.
You are hated by all.
You are slightly vulnerable to magic. (MR-)
You are somewhat inexperienced. (-2 XL)


Message History

The yak barely misses you. You block the slime creature's attack.
You barely miss the slime creature.
The slime creature is moderately wounded.
The large slime creature barely misses you.
The slime creature hits you! The yak gores you but does no damage.
You claw the slime creature!
The slime creature is heavily wounded.
The yak is no longer moving slowly.
The large slime creature barely misses you.
The slime creature hits you but does no damage.
You mangle the slime creature!!
The slime creature is severely wounded.
You block the yak's attack. The large slime creature hits you!
* * * LOW HITPOINT WARNING * * *
The slime creature hits you!
* * * LOW HITPOINT WARNING * * *
You mangle the yak!!
The yak is heavily wounded.
You block the yak's attack. The large slime creature hits you!
You die...

#..#...##...############
#.# #..###.## #...#..#
#Y...## #.#...# #.#+#.#
#.'∩'.# ###Y#J# #.@J#
#####


You could see a large slime creature, a slime creature and a yak.

Vanquished Creatures
  A tengu warrior (D:6)
  A cyclops (D:8)
  An orc knight (D:9)
  An orc sorcerer (D:9)
  Joseph (D:7)
  5 trolls
  2 hippogriffs
  A hornet (D:10)
  A slime creature (D:11)
  A meliai zombie (D:7)
  Sigmund (D:6)
  A shadow (D:10)
  A spriggan (D:7)
  A wyvern (D:8)
  4 yaks (D:11)
  Eustachio (D:6)
  Menkaure (D:4)
  A warg (D:10)
  Edmund (D:5)
  5 orc warriors
  3 sky beasts
  Purgy (Sewer)
  An eye of draining (shapeshifter) (D:11)
  5 ice beasts
  A phantom (D:7)
  A necrophage (D:11)
  3 ogres
  2 black bears
  3 wolves (D:6)
  3 centaurs
  2 bullfrogs
  Blork the orc (D:4)
  A wyvern skeleton (D:4)
  A scorpion (D:7)
  A howler monkey (D:8)
  2 electric eels
  2 centaur zombies
  6 crimson imps
  3 jellies
  2 bullfrog zombies (D:7)
  8 orc priests
  8 hounds
  A bullfrog skeleton (D:6)
  9 orc wizards
  Crazy Yiuf (D:2)
  A centaur skeleton (D:4)
  3 iguanas
  6 worker ants
  Natasha (twice) (D:3)
  A howler monkey skeleton (D:8)
  10 adders
  A river rat (D:4)
  An ooze (D:1)
  An adder skeleton (D:5)
  3 adder zombies (D:6)
  3 worms
  3 dart slugs
  3 leopard geckos
  41 orcs
  3 ball pythons
  9 bats
  3 giant cockroaches
  2 hobgoblins (D:3)
  9 jackals
  2 quokkas
  4 frilled lizards
  5 goblins
  2 jackal skeletons
  6 kobolds
  7 rats
234 creatures vanquished.

Vanquished Creatures (others)
  A hydra (D:10)
  A crimson imp (D:7)
  An orc (D:7)
3 creatures vanquished.

Grand Total: 237 creatures vanquished

Notes
Turn   | Place    | Note
-------+----------+-------------------------------------------
     0 | D:1      | Mrkan the Troll Fighter began the quest for the Orb.
     0 | D:1      | Reached XP level 1. HP: 22/22 MP: 0/0
   136 | D:1      | Reached XP level 2. HP: 28/29 MP: 1/1
   539 | D:1      | Reached skill level 3 in Unarmed Combat
   664 | D:1      | Reached XP level 3. HP: 33/36 MP: 2/2
   744 | D:2      | Found a runed door.
   748 | D:2      | Noticed Crazy Yiuf
   755 | D:2      | Killed Crazy Yiuf
   820 | D:2      | Found a sacrificial altar of Ru.
   840 | D:2      | Became a worshipper of Ru the Awakened
   893 | D:2      | Found a burning altar of Makhleb.
   895 | D:2      | Found a shimmering altar of Xom.
  1059 | D:2      | Found a glowing golden altar of the Shining One.
  1064 | D:2      | Found a basalt altar of Yredelemnul.
  1066 | D:2      | Noticed a profane servitor
  1164 | D:2      | Gained mutation: Your natural rate of healing is unusually
                  | fast. [Troll growth]
  1164 | D:2      | Reached XP level 4. HP: 45/45 MP: 3/3
  1165 | D:2      | Found a white marble altar of Elyvilon.
  1459 | D:2      | Noticed an angel
  1621 | D:3      | Reached skill level 4 in Unarmed Combat
  1679 | D:3      | Reached XP level 5. HP: 40/53 MP: 4/4
  1725 | D:3      | Found a stormy altar of Qazlal.
  1739 | D:3      | Reached skill level 5 in Unarmed Combat
  1775 | D:3      | Noticed Natasha
  1780 | D:3      | Killed Natasha
  1807 | D:3      | Gained mutation: You are somewhat inexperienced. (-2 XL)
                  | [Ru sacrifice]
  1807 | D:3      | Reached XP level 4. HP: 48/48 MP: 3/3
  1807 | D:3      | Reached XP level 3. HP: 39/39 MP: 2/2
  1807 | D:3      | Reached * piety under Ru
  1807 | D:3      | Reached ** piety under Ru
  1885 | D:3      | Reached XP level 4. HP: 48/48 MP: 3/3
  1962 | D:3      | Noticed Natasha
  1968 | D:3      | Killed Natasha
  2010 | D:4      | Noticed a centaur
  2030 | D:4      | Noticed Menkaure
  2032 | D:4      | Killed a centaur
  2032 | D:4      | Reached XP level 5. HP: 46/54 MP: 4/4
  2045 | D:4      | Killed Menkaure
  2045 | D:4      | Reached skill level 6 in Unarmed Combat
  2045 | D:4      | Reached XP level 6. HP: 41/62 MP: 5/5
  2129 | D:4      | Reached skill level 7 in Unarmed Combat
  2129 | D:4      | Reached XP level 7. HP: 43/71 MP: 6/6
  2162 | D:4      | Noticed Blork the orc
  2170 | D:4      | Killed Blork the orc
  2300 | D:4      | Found a staircase to the Ecumenical Temple.
  2339 | D:4      | Found a glowing drain.
  2346 | Sewer    | Entered a sewer
  2361 | Sewer    | Noticed Purgy
  2375 | Sewer    | Killed Purgy
  2375 | Sewer    | Reached skill level 5 in Fighting
  2393 | Sewer    | Reached skill level 8 in Unarmed Combat
  2547 | D:4      | Found Loazirch's Gadget Shop.
  2567 | D:4      | Found a radiant altar of Vehumet.
  2768 | D:5      | Entered Level 5 of the Dungeon
  2768 | D:5      | Noticed Edmund
  2776 | D:5      | Reached XP level 8. HP: 70/80 MP: 7/7
  2780 | D:5      | Killed Edmund
  3192 | D:6      | Gained mutation: You cannot be stealthy. [Ru sacrifice]
  3288 | D:6      | Reached XP level 9. HP: 89/89 MP: 8/8
  3294 | D:6      | Noticed Eustachio
  3321 | D:6      | Killed Eustachio
  3430 | D:6      | Found a blossoming altar of Fedhas.
  3634 | D:6      | Noticed Sigmund
  3640 | D:6      | Killed Sigmund
  3640 | D:6      | Reached skill level 5 in Shields
  3720 | D:6      | Found a bloodstained altar of Trog.
  3853 | D:7      | Noticed a troll
  3853 | D:7      | Noticed a tengu warrior
  3958 | D:6      | Killed a troll
  4155 | D:6      | Killed a tengu warrior
  4202 | D:7      | Reached XP level 10. HP: 80/102 MP: 9/9
  4552 | D:7      | Found a staircase to the Lair.
  4553 | D:7      | Noticed Joseph
  4582 | D:7      | Killed Joseph
  4818 | D:8      | Noticed a cyclops
  4834 | D:8      | Killed a cyclops
  4960 | D:8      | Found an ancient bone altar of Kikubaaqudgha.
  4962 | D:8      | Found an ornate altar of the Wu Jian Council.
  4977 | D:8      | Found a bloodstained altar of Trog.
  5037 | D:8      | Got a shimmering falchion
  5078 | D:8      | Reached skill level 9 in Unarmed Combat
  5085 | D:8      | Gained mutation: You are hated by all. [Ru sacrifice]
  5085 | D:8      | Reached *** piety under Ru
  5085 | D:8      | Reached **** piety under Ru
  5555 | D:9      | Reached skill level 1 in Throwing
  5743 | D:9      | Noticed an orc knight
  5749 | D:9      | Noticed an orc sorcerer
  5753 | D:9      | Killed an orc knight
  5765 | D:9      | Killed an orc sorcerer
  5825 | D:9      | Found a hazy altar of Hepliaklqana.
  5884 | D:9      | Reached XP level 11. HP: 79/113 MP: 10/10
  5951 | D:9      | Found a corrupted altar of Lugonu.
  6046 | D:9      | Found Plog's Book Shop.
  6210 | D:10     | Entered Level 10 of the Dungeon
  6572 | D:10     | Found a staircase to the Orcish Mines.
  6623 | D:10     | Noticed a five-headed hydra
  6627 | D:10     | Killed a five-headed hydra
  6780 | D:10     | Gained mutation: You are slightly vulnerable to magic.
                  | (MR-) [Ru sacrifice]
  6780 | D:10     | Reached ***** piety under Ru
  6815 | D:10     | Found a shadowy altar of Dithmenos.
  7063 | D:11     | Found Fonet's Antique Weapon Shop.
  7075 | D:11     | Reached skill level 5 in Throwing
  7166 | D:11     | Reached skill level 10 in Unarmed Combat
  7211 | D:11     | Found Qaniri's Jewellery Boutique.
  7231 | D:11     | Slain by a large slime creature

Skill      XL: |  1  2  3  4  5  6  7  8  9 10 11 |
---------------+----------------------------------+-----
Unarmed Combat | 3 4 6 7 8 9 10 | 10.1
Fighting       | 3 4 5 6 7 8 9 |  9.0
Shields        | 4 6 7 |  7.0
Throwing       | 3 5 |  5.7
Dodging        | |  2.4

Action                   |  1- 3 |  4- 6 |  7- 9 | 10-12 || total
-------------------------+-------+-------+-------+-------++-------
Melee: Unarmed           |    74 |   144 |   268 |   337 ||   823
Throw: Large rock        |       |       |       |     2 ||     2
Invok: Sacrifice Experie |     1 |       |       |       ||     1
       Sacrifice Stealth |       |       |     1 |       ||     1
       Sacrifice Love    |       |       |       |     1 ||     1
       Sacrifice Essence |       |       |       |     1 ||     1
  Use: Scroll            |       |       |       |    17 ||    17
       Potion            |       |       |       |     1 ||     1
 Stab: Sleeping          |     1 |       |       |       ||     1
       Distracted        |     1 |       |       |     1 ||     2
       Invisible         |       |       |       |     5 ||     5
  Eat: Chunk             |    11 |     8 |    13 |    16 ||    48
Armor: Skin              |    29 |    59 |   127 |   103 ||   318
Dodge: Dodged            |    20 |    38 |   101 |    81 ||   240
Block: Shield            |    28 |    72 |   154 |   162 ||   416
